 Dungeon Sprint DCSS version 0.31-a0-1074-g0b22e4e0f1 (webtiles) character file.

Game seed: 91549195169763077

287 rocky1 the Unseen (level 6, -1/52 HPs)
             Began as a Naga Brigand on Dec 1, 2023.
             Was a Follower of Cheibriados.
             Slain by a scorpion (6 damage)
             ... in the Dungeon (Sprint IV: "Fedhas' Mad Dash").
             The game lasted 00:02:17 (844 turns).

rocky1 the Unseen (Naga Brigand)                     Turns: 844, Time: 00:02:18

Health: -1/52      AC:  4    Str: 16    XL:     6   Next: 30%
Magic:  6/6        EV:  9    Int: 15    God:    Cheibriados [*.....]
Gold:   49         SH:  4    Dex: 17    Spells: 5/5 levels left

rFire   . . .        g - +0 rapier
rCold   . . .        m - +0 buckler
rNeg    . . .        b - +0 robe
rPois   +            (no helmet)
rElec   .            c - +0 cloak
rCorr   .            (no gloves)
SInv    +            (no barding)
Will    .....        l - amulet of invisibility {+Inv}
Stlth   ++++++       (no ring)
HPRegen 0.28/turn    (no ring)
MPRegen 0.10/turn

%: no teleportation
@: on berserk cooldown, slowed, very slow
A: AC +2, large, see invisible, deformed body, poison resistance, slowness 2,
spit poison 1, naga tail 1
a: Spit Poison, Renounce Religion, Evoke Invisibility, Bend Time


You were in the Dungeon.
You worshipped Cheibriados.
Cheibriados was aware of your devotion.
You visited 1 branch You collected 49 gold pieces.

Inventory:

Hand Weapons
 a - a +2 dagger
 g - a +0 rapier (weapon)
Missiles
 d - 9 poisoned darts (quivered)
 e - 3 curare-tipped darts
Armour
 b - a +0 robe (worn)
 c - a +0 cloak (worn)
 m - a +0 buckler (worn)
Jewellery
 l - the amulet of invisibility (around neck) {+Inv}
   (You found it in the Dungeon)

   [amulet of nothing]

   +Inv:      It lets you turn invisible.
Scrolls
 k - a scroll of blinking
Potions
 h - a potion of haste
 i - 2 potions of magic


   Skills:
 - Level 2.0 Fighting
 + Level 7.7 Short Blades
 - Level 1.7 Throwing
 - Level 0.7 Dodging
 * Level 16.5 Stealth


You had 5 spell levels left.
You didn't know any spells.
Your spell library was empty.

Dungeon Overview and Level Annotations

Branches:
Dungeon (1/1)

Altars:
Cheibriados
Dithmenos
Elyvilon
Gozag
Hepliaklqana
Kikubaaqudgha
Makhleb
Nemelex Xobeh
Okawaru
Qazlal
Ru
Sif Muna
Trog
Uskayaw
Vehumet
Wu Jian
Xom
Yredelemnul
Zin
The Shining One
Jiyva
Lugonu


Innate Abilities, Weirdness & Mutations

Your serpentine skin is tough. (AC +2)
You have supernaturally acute eyesight. (SInv)
Armour fits poorly on your strangely shaped body.
Your system is resistant to poisons. (rPois)
You cover ground very slowly.
You can spit poison.
You have a snake-like lower body.


Message History

* * * LOW HITPOINT WARNING * * *
The scorpion stings you.
* * * LOW HITPOINT WARNING * * *
Unknown command.
Okay, then.
You barely miss the scorpion.
The scorpion stings you but does no damage.
You block the scorpion's attack.
You hit the scorpion but do no damage. The scorpion closely misses you.
You barely miss the scorpion.
You have got your breath back.
The scorpion closely misses you. The scorpion stings you.
* * * LOW HITPOINT WARNING * * *
You hit the scorpion.
The scorpion is lightly wounded.
The scorpion stings you.
* * * LOW HITPOINT WARNING * * *
You barely miss the scorpion.
The scorpion is lightly wounded.
The scorpion stings you.
* * * LOW HITPOINT WARNING * * *
You are poisoned.
The scorpion poisons you!
The scorpion stings you but does no damage.
You feel better. You block the scorpion's attack. x2
Unknown command.
You hit the scorpion but do no damage.
The scorpion is lightly wounded.
The scorpion stings you but does no damage.
You hit the scorpion.
The scorpion is moderately wounded.
The scorpion stings you but does no damage.
The scorpion stings you.
* * * LOW HITPOINT WARNING * * *
You closely miss the scorpion.
The scorpion is moderately wounded.
The scorpion stings you!
* * * LOW HITPOINT WARNING * * *
The scorpion stings you.
You die...

######################
#.⌠._._._._.⌠.#..sf..#
'.._._._._._..'.@#$.$#
#..._._._._...#..###f#
#.._._._._._..#.)# fs
#._._._._._.⌠.#### ##
###############


You could see a wandering mushroom and a scorpion.

Vanquished Creatures
  2 scorpions (D)
  3 oklob saplings (D)
  2 spriggans (D)
  A river rat (D)
  A rat (D)
9 creatures vanquished.

Notes
Turn   | Place    | Note
-------+----------+-------------------------------------------
     0 | D        | rocky1 the Naga Brigand began the quest for the Orb.
     0 | D        | Reached XP level 1. HP: 19/19 MP: 1/1
    10 | D        | Reached skill level 7 in Stealth
    10 | D        | Reached XP level 2. HP: 26/26 MP: 2/2
    12 | D        | Reached skill level 8 in Stealth
   313 | D        | Noticed an oklob sapling
   315 | D        | Killed an oklob sapling
   316 | D        | Reached skill level 9 in Stealth
   316 | D        | Reached XP level 3. HP: 32/32 MP: 3/3
   418 | D        | Noticed a scorpion
   418 | D        | Found the amulet of invisibility {+Inv}
   420 | D        | Killed a scorpion
   421 | D        | Reached skill level 5 in Short Blades
   421 | D        | Reached skill level 12 in Stealth
   421 | D        | Reached XP level 4. HP: 39/39 MP: 4/4
   445 | D        | Found an opulent altar of Gozag.
   445 | D        | Found a hazy altar of Hepliaklqana.
   445 | D        | Found a burning altar of Makhleb.
   445 | D        | Found a sparkling altar of Nemelex Xobeh.
   445 | D        | Found a snail-covered altar of Cheibriados.
   445 | D        | Found a sacrificial altar of Ru.
   445 | D        | Found a shimmering blue altar of Sif Muna.
   445 | D        | Found a shimmering altar of Xom.
   445 | D        | Found a basalt altar of Yredelemnul.
   446 | D        | Found a viscous altar of Jiyva.
   446 | D        | Found a bloodstained altar of Trog.
   446 | D        | Found an ornate altar of the Wu Jian Council.
   446 | D        | Noticed an oklob sapling priest
   447 | D        | Found an iron altar of Okawaru.
   447 | D        | Found a shadowy altar of Dithmenos.
   447 | D        | Found a glowing silver altar of Zin.
   448 | D        | Found an ancient bone altar of Kikubaaqudgha.
   448 | D        | Found a hide-covered altar of Uskayaw.
   449 | D        | Found a stormy altar of Qazlal.
   449 | D        | Found a white marble altar of Elyvilon.
   449 | D        | Found a glowing golden altar of the Shining One.
   450 | D        | Found a corrupted altar of Lugonu.
   450 | D        | Found a radiant altar of Vehumet.
   453 | D        | Killed an oklob sapling priest
   454 | D        | Reached skill level 13 in Stealth
   454 | D        | Reached XP level 5. HP: 45/45 MP: 5/5
   455 | D        | Became a worshipper of Cheibriados the Contemplative
   575 | D        | Reached skill level 14 in Stealth
   814 | D        | Noticed a wandering mushroom
   816 | D        | Noticed a wandering mushroom
   819 | D        | Reached * piety under Cheibriados
   820 | D        | Reached skill level 15 in Stealth
   821 | D        | Reached XP level 6. HP: 31/52 MP: 6/6
   824 | D        | Reached skill level 16 in Stealth
   844 | D        | Slain by a scorpion

Illustrated notes

Levels and vault maps discovered:
D:        dungeon_sprint_fedhas [sprint_temple]

Skill      XL: |  1  2  3  4  5  6 |
---------------+-------------------+-----
Short Blades   | 3 4 5 6 7 |  7.7
Stealth        | 7 9 12 13 15 16 | 16.5
Fighting       | |  2.0
Throwing       | |  1.7
Dodging        | |  0.7

Action                     |  1- 3 |  4- 6 || total
---------------------------+-------+-------++-------
  Melee: Dagger            |     4 |    14 ||    18
         Rapier            |       |    11 ||    11
Ability: Evoke Invisibilit |       |     3 ||     3
         Spit Poison       |       |     2 ||     2
    Use: Potion            |       |     3 ||     3
   Stab: Sleeping          |     4 |     2 ||     6
 Armour: Robe              |       |    21 ||    21
  Dodge: Dodged            |       |    11 ||    11
  Block: Buckler           |       |     4 ||     4

Table legend: (Time is in decaauts)
 A = Elapsed time spent in this place.
 B = Non-inter-level travel time spent in this place.
 C = Inter-level travel time spent in this place.
 D = Time resting spent in this place.
 E = Time spent auto-exploring this place.
 F = Levels seen in this place.
 G = Mean time per level.
                   A        B        C        D        E       F      G
               +--------+--------+--------+--------+--------+-----+--------+
         Total |    871 |    871 |      0 |    721 |      0 |   1 |  871.0 |
       Dungeon |    871 |    871 |      0 |    721 |      0 |   1 |  871.0 |
               +--------+--------+--------+--------+--------+-----+--------+

Top non-repeatable levels by time:
       D: 871 daAuts
